 Dungeon Crawl Stone Soup version 0.20-a0-556-g892c87b (webtiles) character file.

7 krabocopter the Chiller (level 2, 17/17 HPs)
             Began as an Octopode Ice Elementalist on Feb 7, 2017.
             Quit the game on level 1 of the Dungeon.
             The game lasted 00:03:30 (440 turns).

krabocopter the Chiller (Octopode Ice Elementalist)  Turns: 440, Time: 00:03:31

Health: 17/17      AC:  1    Str:  7    XL:     2   Next: 0%
Magic:  3/5        EV: 13    Int: 17    God:
Gold:   15         SH:  0    Dex: 12    Spells: 4/5 levels left

rFire    . . .     SeeInvis .   (no weapon)
rCold    . . .     Gourm    .   (no shield)
rNeg     . . .     Faith    .   (helmet restricted)
rPois    .         Spirit   .   (no amulet)
rElec    .         Reflect  .   (no ring)
rCorr    .         Harm     .   (no ring)
MR       .....                  (no ring)
Stlth    +++.......             (no ring)
Regen    0.1/turn               (no ring)
                                (no ring)
                                (no ring)
                                (no ring)

@: no status effects
A: almost no armour, stealthy swim, amphibious, 8 rings, constrict 8, camouflage
1, gelatinous body 1
a: no special abilities


You were on level 1 of the Dungeon.
You were not hungry.

You visited 1 branch of the dungeon, and saw 1 of its levels.

You collected 15 gold pieces.

Inventory:

Missiles
 c - 18 stones (quivered)
Potions
 d - a potion of magic {unknown}
Books
 a - a book of Frost

   Spells                             Type                      Level
   a - Freeze                         Ice                          1
   b - Throw Frost                    Conjuration/Ice              2
   c - Ozocubu's Armour               Charms/Ice                   3
   d - Throw Icicle                   Conjuration/Ice              4
   e - Summon Ice Beast               Ice/Summoning                4
Comestibles
 b - 2 bread rations


   Skills:
 - Level 2.0 Dodging
 + Level 3.1 Stealth
 + Level 2.2 Spellcasting
   Level 1.0 Conjurations
 + Level 3.1 Ice Magic


You had 4 spell levels left.
You knew the following spells:

 Your Spells              Type           Power        Failure   Level  Hunger
a - Freeze                Ice            ##..         6%          1    #......


Dungeon Overview and Level Annotations

Branches:
Dungeon (1/15)

Altars:


Innate Abilities, Weirdness & Mutations

You cannot wear most types of armour.
You are very stealthy in the water. (Stealth+)
You are amphibious.
You can wear up to eight rings at the same time.
You can use your tentacles to constrict eight enemies at once.
Your skin changes colour to match your surroundings (Stealth+).
Your rubbery body absorbs attacks. (AC +1, EV +1)


Message History

Found 18 poisoned needles and 14 gold pieces.
A bat comes into view.
There is an open door here.
Casting: Freeze
Confirm with . or Enter, or press ? or * to list all spells.
You can't see any susceptible monsters within range! (Use Z to cast anyway.)
Casting: Freeze
Confirm with . or Enter, or press ? or * to list all spells.
Aiming: Freeze
Press: ? - help, Shift-Dir - straight line, f - leopard gecko
Aim: a leopard gecko (clinging)
You freeze the leopard gecko.
The leopard gecko seems to slow down.
The leopard gecko is almost dead.
You tentacle-slap the leopard gecko.
You kill the leopard gecko!
You have reached level 2!
Okay, then.
Quiver which item? (- for none, * to show all) (? for menu, Esc to quit)
Okay, then.
Are you sure you want to abandon this character and quit the game? (Confirm with "yes".)

### ######.#
#......# ###
#@####.# #..
#.# #.# #.#
#'# #.# #.#
#........##.#
#.#
#........##.#
#.#
.b........##.#
#.#
.....(....##.#
#.#
..........##.#
#.#
.....$K...##.#
#.#


There were no monsters in sight!

Vanquished Creatures
  A leopard gecko (D:1)
  A giant cockroach (D:1)
  A hobgoblin (D:1)
  A kobold (D:1)
  2 rats (D:1)
6 creatures vanquished.

Notes
Turn   | Place    | Note
-------+----------+-------------------------------------------
     0 | D:1      | krabocopter the Octopode Ice Elementalist began the quest for the Orb.
     0 | D:1      | Reached XP level 1. HP: 11/11 MP: 3/3
     2 | D:1      | Noticed a dwarf
     2 | D:1      | Noticed a felid
     4 | D:1      | Noticed an elf
     4 | D:1      | Noticed a gargoyle
    10 | D:1      | Noticed a merfolk
    10 | D:1      | Noticed a human
    12 | D:1      | Noticed a vine stalker
    14 | D:1      | Noticed a draconian
    14 | D:1      | Noticed a minotaur
    18 | D:1      | Noticed an octopode
    20 | D:1      | Noticed a demonspawn
    20 | D:1      | Noticed a spriggan
    22 | D:1      | Noticed a centaur
    24 | D:1      | Noticed a demigod
    24 | D:1      | Noticed a formicid
    26 | D:1      | Noticed a naga
    26 | D:1      | Noticed a ghoul
    28 | D:1      | Noticed a vampire
    28 | D:1      | Noticed a tengu
    30 | D:1      | Noticed a halfling
    32 | D:1      | Noticed an ogre
    32 | D:1      | Noticed a troll
   436 | D:1      | Reached XP level 2. HP: 17/17 MP: 3/5
   440 | D:1      | Quit the game

Vault maps used:
D:1:      kb_arrival_jail, nrook_mini_vaults, minmay_misc_feat_cross

Skill      XL: |  1 |
---------------+----+-----
Stealth        | 3 |  3.1
Dodging        | |  2.0
Spellcasting   | |  2.2
Conjurations   | |  1.0
Ice Magic      | |  3.1

Action                   || total
-------------------------++-------
Melee: Unarmed           ||     2
       Constrict         ||     1
Throw: Stone             ||     3
 Cast: Freeze            ||     8
 Stab: Sleeping          ||     1
Dodge: Dodged            ||     6
